 Dungeon Crawl Stone Soup version 0.29-a0-321-gf1c400731a (webtiles) character file.

Game seed: 18371376928015832149

910 Dabor the Digger (level 8, 0/60 HPs)
             Began as a Gnoll Wanderer on Apr 4, 2022.
             Was a Priest of Zin.
             Slain by Edmund
             ... wielding a +2 flail of protection
              (5 damage)
             ... on level 4 of the Dungeon.
             The game lasted 00:08:59 (4620 turns).

Dabor the Digger (Gnoll Wanderer)                   Turns: 4620, Time: 00:09:00

Health: 0/60       AC: 10    Str:  9 (10) XL:     8   Next: 8%
Magic:  1/14       EV: 12    Int: 14 (15) God:    Zin [***...]
Gold:   212        SH:  0    Dex: 11 (12) Spells: 8/15 levels left

rFire   . . .      SeeInvis .   w - +8 autumn katana {vorpal, manifold assault}
rCold   . . .      Faith    .   (no shield)
rNeg    . . .      Spirit   .   e - +0 robe
rPois   .          Reflect  .   (no helmet)
rElec   .          Harm     .   o - +0 cloak
rCorr   .          Rampage  .   (no gloves)
Will    .....                   m - +0 pair of boots
Stlth   ++........              (no amulet)
HPRegen 0.20/turn               v - ring of flight
MPRegen 0.14/turn               (no ring)

@: brilliant, ice-armoured, flying
A: fangs 1, strong nose, distributed training
a: Renounce Religion, Recite, Vitalisation, Imprison, Donate Gold


You were on level 4 of the Dungeon.
You worshipped Zin.
Zin was most pleased with you.
You visited 1 branch of the dungeon, and saw 4 of its levels.

You collected 235 gold pieces.
You donated 23 gold pieces to Zin.

Inventory:

Hand Weapons
 w - the +8 autumn katana (weapon) {vorpal, manifold assault}
   (You found it on level 3 of the Dungeon)

   It sometimes launches melee attacks against multiple visible enemies.
Missiles
 b - 6 poisoned darts
 d - 27 stones
 p - 6 javelins
Armour
 e - a +0 robe (worn)
 m - a +0 pair of boots (worn)
 o - a +0 cloak (worn)
Jewellery
 v - a ring of flight (left hand)
Scrolls
 a - a scroll of summoning {unknown}
 f - a scroll of brand weapon {unknown}
 h - 4 scrolls of teleportation {unknown}
 l - 7 scrolls of identify {unknown}
 q - a scroll of amnesia {unknown}
 r - a scroll of blinking {unknown}
 s - a scroll of immolation {unknown}
Potions
 c - 2 potions of lignification
 g - a potion of degeneration
 i - a potion of brilliance
 j - a potion of might {unknown}
 k - 3 potions of attraction {unknown}
 n - a potion of curing {unknown}
 t - a potion of flight {unknown}
 u - a potion of cancellation {unknown}


   Skills:
 + Level 4.0 Fighting
 + Level 2.9 Short Blades
 + Level 2.9 Long Blades
 + Level 2.9 Axes
 + Level 2.9 Maces & Flails
 + Level 2.9 Polearms
 + Level 2.9 Staves
 + Level 2.9 Slings
 + Level 2.9 Bows
 + Level 2.9 Crossbows
 + Level 4.0 Throwing
 + Level 4.0 Armour
 + Level 2.9 Dodging
 + Level 2.9 Stealth
 + Level 2.9 Shields
 + Level 2.9 Unarmed Combat
 + Level 4.1 Spellcasting
 + Level 2.3 Conjurations
 + Level 2.3 Hexes
 + Level 2.3 Summonings
 + Level 2.3 Necromancy
 + Level 2.3 Translocations
 + Level 2.3 Transmutations
 + Level 2.3 Fire Magic
 + Level 2.3 Ice Magic
 + Level 2.3 Air Magic
 + Level 7.5 Earth Magic
 + Level 4.5 Poison Magic
 + Level 3.2 Invocations
 + Level 2.9 Evocations


You had 8 spell levels left.
You knew the following spells:

 Your Spells              Type           Power      Damage    Failure   Level
a - Sandblast             Erth           72%        2d16      1%          1
b - Stone Arrow           Conj/Erth      50%        3d10      8%          3
c - Ozocubu's Armour      Ice            14%        N/A       22%         3

Your spell library contained the following spells:

 Spells                   Type           Power      Damage    Failure   Level
 Sting                    Tmut/Pois      72%        1d6       4%          1
 Sublimation of Blood     Necr           14%        N/A       11%         2
 Wereblood                Tmut           14%        N/A       11%         2
 Spider Form              Tmut/Pois      18%        N/A       14%         3
 Ignite Poison            Fire/Tmut/Pois 17%        N/A       16%         3
 Metabolic Englaciation   Hex/Ice        7%         N/A       89%         5
 Simulacrum               Ice/Necr       7%         N/A       100%        6
 Summon Hydra             Summ           7%         N/A       100%        7


Dungeon Overview and Level Annotations

Branches:
Dungeon (4/15)
 Temple: D:4-7

Altars:
Zin

Annotations:
D:4 Edmund


Innate Abilities, Weirdness & Mutations

You have very sharp teeth.
Your uncanny sense of smell can sniff out nearby items.
Your experience applies equally to all skills.


Message History

Edmund hits you with a +2 flail of protection.
Casting: Sandblast (safe; 1% risk of failure)
Confirm with . or Enter, or press ? or * to list all spells.
Aiming: Sandblast (safe; 1% risk of failure)
Press: ? - help, Shift-Dir - straight line, f/p - Edmund
Aim: Edmund, wielding a +2 flail of protection and wearing a +0 ring mail (almost dead, 83% to hit)
The blast of sand misses Edmund.
Edmund hits you with a +2 flail of protection.
Your magical contamination has completely faded away.
Casting: Sandblast (safe; 1% risk of failure)
Confirm with . or Enter, or press ? or * to list all spells.
Aiming: Sandblast (safe; 1% risk of failure)
Press: ? - help, Shift-Dir - straight line, f/p - Edmund
Aim: Edmund, wielding a +2 flail of protection and wearing a +0 ring mail (almost dead, 83% to hit)
The blast of sand misses Edmund.
Edmund hits you with a +2 flail of protection!
* * * LOW HITPOINT WARNING * * *
Casting: Sandblast (safe; 1% risk of failure)
Confirm with . or Enter, or press ? or * to list all spells.
Aiming: Sandblast (safe; 1% risk of failure)
Press: ? - help, Shift-Dir - straight line, f/p - Edmund
Aim: Edmund, wielding a +2 flail of protection and wearing a +0 ring mail (almost dead, 83% to hit)
The blast of sand misses Edmund.
Edmund barely misses you.
Casting: Sandblast (safe; 1% risk of failure)
Confirm with . or Enter, or press ? or * to list all spells.
Aiming: Sandblast (safe; 1% risk of failure)
Press: ? - help, Shift-Dir - straight line, f/p - Edmund
Aim: Edmund, wielding a +2 flail of protection and wearing a +0 ring mail (almost dead, 83% to hit)
The blast of sand hits Edmund but does no damage.
Edmund is almost dead.
Edmund closely misses you.
It was a potion of degeneration.
There was something very wrong with that liquid.
You feel weakened.
You feel dopey.
You feel clumsy.
Edmund hits you with a +2 flail of protection!
* * * LOW HITPOINT WARNING * * *
It was a potion of brilliance.
You feel clever all of a sudden.
Edmund hits you with a +2 flail of protection.
You die...

..............# #......
...............# #......
...............###......
((...........<.'........
#(............###......
#.(...........# #......
#....[......).# #######
#.............# #
#....@@.......# #
##.#######.############
#. #...........†.
##############


You could see Edmund.

Vanquished Creatures
  Grinder (D:4)
  Eustachio (D:4)
  Duvessa (D:4)
  2 ogres
  Dowan (D:4)
  A hound (D:2)
  Crazy Yiuf (D:2)
  Natasha (thrice) (D:2)
  3 gnolls (D:2)
  5 adders
  A white imp (D:4)
  A worm (D:3)
  3 dart slugs
  5 ball pythons
  7 endoplasms
  4 giant cockroaches
  3 goblins
  4 hobgoblins
  7 jackals (D:4)
  2 quokkas (D:1)
  7 bats
  3 frilled lizards
  5 kobolds
  3 rats
74 creatures vanquished.

Notes
Turn   | Place    | Note
-------+----------+-------------------------------------------
     0 | D:1      | Dabor the Gnoll Wanderer began the quest for the Orb.
     0 | D:1      | Dabor set off with the following items: a +0 dagger, 11
                  | poisoned darts, a potion of lignification, 35 stones, a +0
                  | robe; and the following spells available to memorise:
                  | Sandblast, Sting, Stone Arrow, Spider Form, Ignite Poison
     0 | D:1      | Reached XP level 1. HP: 17/17 MP: 4/4
     2 | D:1      | Learned a level 1 spell: Sandblast
   259 | D:1      | Reached XP level 2. HP: 12/23 MP: 2/5
   799 | D:1      | Found a faded altar of an unknown god.
   859 | D:1      | Prayed at the altar of an unknown god.
   859 | D:1      | Became a worshipper of Zin the Law-Giver
   859 | D:1      | Reached * piety under Zin
   911 | D:1      | Reached XP level 3. HP: 11/28 MP: 5/7
  1157 | D:1      | Learned a level 3 spell: Stone Arrow
  1257 | D:2      | Noticed Natasha
  1288 | D:2      | Killed Natasha
  1289 | D:2      | Reached skill level 1 in Short Blades
  1289 | D:2      | Reached skill level 1 in Long Blades
  1289 | D:2      | Reached skill level 1 in Axes
  1289 | D:2      | Reached skill level 1 in Maces & Flails
  1289 | D:2      | Reached skill level 1 in Polearms
  1289 | D:2      | Reached skill level 1 in Staves
  1289 | D:2      | Reached skill level 1 in Slings
  1289 | D:2      | Reached skill level 1 in Bows
  1289 | D:2      | Reached skill level 1 in Crossbows
  1289 | D:2      | Reached skill level 1 in Dodging
  1289 | D:2      | Reached skill level 1 in Stealth
  1289 | D:2      | Reached skill level 1 in Shields
  1289 | D:2      | Reached skill level 1 in Unarmed Combat
  1289 | D:2      | Reached skill level 1 in Invocations
  1289 | D:2      | Reached skill level 1 in Evocations
  1494 | D:2      | Reached XP level 4. HP: 34/34 MP: 6/8
  1687 | D:1      | Reached skill level 1 in Conjurations
  1687 | D:1      | Reached skill level 1 in Hexes
  1687 | D:1      | Reached skill level 1 in Summonings
  1687 | D:1      | Reached skill level 1 in Necromancy
  1687 | D:1      | Reached skill level 1 in Translocations
  1687 | D:1      | Reached skill level 1 in Transmutations
  1687 | D:1      | Reached skill level 1 in Fire Magic
  1687 | D:1      | Reached skill level 1 in Ice Magic
  1687 | D:1      | Reached skill level 1 in Air Magic
  2051 | D:2      | Reached ** piety under Zin
  2292 | D:2      | Noticed Natasha
  2299 | D:2      | Killed Natasha
  2300 | D:2      | Reached XP level 5. HP: 40/40 MP: 5/9
  2741 | D:2      | Found a runed translucent door.
  2742 | D:2      | Noticed Crazy Yiuf
  2799 | D:2      | Noticed Natasha
  2805 | D:2      | Killed Natasha
  2937 | D:2      | Killed Crazy Yiuf
  2938 | D:2      | Reached XP level 6. HP: 47/47 MP: 7/11
  3123 | D:3      | Found the +8 autumn katana {vorpal, manifold assault}
  3408 | D:3      | Reached *** piety under Zin
  3880 | D:4      | Noticed Eustachio
  3886 | D:4      | Killed Eustachio
  3887 | D:4      | Reached XP level 7. HP: 52/52 MP: 6/12
  3896 | D:4      | Noticed Grinder
  3919 | D:4      | Killed Grinder
  4113 | D:4      | Noticed Dowan
  4116 | D:4      | Noticed Duvessa
  4123 | D:4      | Killed Duvessa
  4243 | D:4      | Killed Dowan
  4244 | D:4      | Reached XP level 8. HP: 43/60 MP: 6/14
  4574 | D:4      | Learned a level 3 spell: Ozocubu's Armour
  4594 | D:4      | Noticed Edmund
  4620 | D:4      | Slain by Edmund

Illustrated notes

Levels and vault maps discovered:
D:1:      amcnicky_arrival_choice, layout_loops_ring,
          shapermc_ecumenical_altar_mp_highgroup
D:2:      layout_rooms, uniq_natasha, uniq_crazy_yiuf_cottage
D:3:      layout_loops_ring
D:4:      layout_basic, uniq_grinder, uniq_duvessa, uniq_eustachio, uniq_edmund

Skill      XL: |  1  2  3  4  5  6  7  8 |
---------------+-------------------------+-----
Short Blades   | 1 2 |  2.9
Long Blades    | 1 2 |  2.9
Axes           | 1 2 |  2.9
Maces & Flails | 1 2 |  2.9
Polearms       | 1 2 |  2.9
Staves         | 1 2 |  2.9
Slings         | 1 2 |  2.9
Bows           | 1 2 |  2.9
Crossbows      | 1 2 |  2.9
Dodging        | 1 2 |  2.9
Stealth        | 1 2 |  2.9
Shields        | 1 2 |  2.9
Unarmed Combat | 1 2 |  2.9
Invocations    | 1 2 3 |  3.2
Evocations     | 1 2 |  2.9
Spellcasting   | 3 4 |  4.1
Conjurations   | 1 2 |  2.3
Hexes          | 1 2 |  2.3
Summonings     | 1 2 |  2.3
Necromancy     | 1 2 |  2.3
Translocations | 1 2 |  2.3
Transmutations | 1 2 |  2.3
Fire Magic     | 1 2 |  2.3
Ice Magic      | 1 2 |  2.3
Air Magic      | 1 2 |  2.3
Fighting       | 3 4 |  4.0
Throwing       | 3 4 |  4.0
Armour         | 3 4 |  4.0
Poison Magic   | 4 |  4.5
Earth Magic    | |  7.5

Action                   |  1- 3 |  4- 6 |  7- 9 || total
-------------------------+-------+-------+-------++-------
Melee: Dagger            |    34 |    67 |       ||   101
       Bite              |     2 |     7 |     2 ||    11
       Katana            |       |     2 |    34 ||    36
       Punch             |       |       |     1 ||     1
Throw: Dart              |       |       |    20 ||    20
       Javelin           |       |       |     2 ||     2
 Cast: Sandblast         |    23 |    40 |    21 ||    84
       Stone Arrow       |     2 |     4 |     7 ||    13
       Ozocubu's Armour  |       |       |     1 ||     1
Invok: Recite            |       |       |     1 ||     1
  Use: Potion            |       |       |     2 ||     2
Armor: Robe              |    19 |    27 |     5 ||    51
Dodge: Dodged            |    27 |    61 |    15 ||   103

Table legend: (Time is in decaauts)
 A = Elapsed time spent in this place.
 B = Non-inter-level travel time spent in this place.
 C = Inter-level travel time spent in this place.
 D = Time resting spent in this place.
 E = Time spent auto-exploring this place.
 F = Levels seen in this place.
 G = Mean time per level.
                   A        B        C        D        E       F      G
               +--------+--------+--------+--------+--------+-----+--------+
         Total |   4621 |   4500 |    121 |   1157 |   2655 |   4 | 1155.2 |
       Dungeon |   4621 |   4500 |    121 |   1157 |   2655 |   4 | 1155.2 |
               +--------+--------+--------+--------+--------+-----+--------+

Top non-repeatable levels by time:
     D:1: 1795 daAuts
     D:2: 1197 daAuts
     D:4: 924 daAuts
     D:3: 703 daAuts
